 Dungeon Crawl Stone Soup version 0.27.1-33-g824d729ab1 (webtiles) character file.

Game seed: 12176245740566088826

249 Nixze the Conjurer (level 5, -9/32 HPs)
             Began as a Deep Elf Conjurer on Nov 27, 2021.
             Mangled by an orc warrior (12 damage)
             ... on level 6 of the Dungeon.
             The game lasted 00:07:12 (3689 turns).

Nixze the Conjurer (Deep Elf Conjurer)              Turns: 3689, Time: 00:07:14

Health: -9/32      AC:  3    Str:  4    XL:     5   Next: 87%
Magic:  0/14       EV: 11    Int: 24    God:
Gold:   156        SH:  0    Dex: 13    Spells: 1/14 levels left

rFire    . . .     SeeInvis .   m - +2 whip (flame)
rCold    . . .     Faith    .   (no shield)
rNeg     . . .     Spirit   .   e - +0 leather armour
rPois    .         Reflect  .   (no helmet)
rElec    .         Harm     .   (no cloak)
rCorr    .         Rampage  .   (no gloves)
Will     .....                  (no boots)
Stlth    ++........             (no amulet)
HPRegen  0.10/turn              (no ring)
MPRegen  0.14/turn              (no ring)

@: no status effects
A: no striking features
a: no special abilities


You were on level 6 of the Dungeon.
You visited 1 branch of the dungeon, and saw 4 of its levels.

You collected 156 gold pieces.

Inventory:

Hand Weapons
 m - a +2 whip of flaming (weapon)
 n - a +1 dagger of electrocution
Missiles
 f - 18 poisoned darts
 g - 132 stones
Armour
 e - a +0 leather armour (worn)
Wands
 t - a wand of iceblast (7)
Scrolls
 b - 2 scrolls of holy word {unknown}
 c - a scroll of enchant armour {unknown}
 j - 2 scrolls of blinking {unknown}
 l - a scroll of enchant weapon {unknown}
 o - a scroll of fog {unknown}
 p - a scroll of brand weapon {unknown}
 q - a scroll of noise {unknown}
 r - a scroll of amnesia {unknown}
 s - a scroll of identify {unknown}
 u - 2 scrolls of teleportation {unknown}
 v - a scroll of torment {unknown}
Potions
 a - a potion of lignification {unknown}
 d - a potion of heal wounds {unknown}
 h - a potion of curing {unknown}
 i - a potion of brilliance {unknown}
 k - a potion of attraction {unknown}


   Skills:
 - Level 3.0 Fighting
 - Level 3.0 Dodging
 - Level 3.0 Stealth
 - Level 5.0 Spellcasting
 + Level 5.1 Conjurations
 + Level 1.0 Hexes


You had one spell level left.
You knew the following spells:

 Your Spells              Type           Power      Damage    Failure   Level
a - Magic Dart            Conj           100%       1d8       1%          1
b - Searing Ray           Conj           60%        3d5       3%          2
c - Ensorcelled Hibernat  Hex/Ice        16%        N/A       19%         2
d - Fulminant Prism       Conj/Hex       10%        3d9       41%         4
e - Iskenderun's Mystic   Conj/Tloc      18%        2d6       50%         4

Your spell library contained the following spells:

 Spells                   Type           Power      Damage    Failure   Level
 Corona                   Hex            12%        N/A       11%         1
 Dazzling Flash           Conj/Hex       40%        N/A       13%         3
 Tukima's Dance           Hex            11%        N/A       30%         3


Dungeon Overview and Level Annotations

Branches:
Dungeon (3/15)

Altars:


Message History

Aiming: Magic Dart (safe; 1% risk of failure)
Press: ? - help, Shift-Dir - straight line, f - orc warrior
Aim: an orc warrior, wielding a +0 mace and wearing a +0 chain mail (100% to hit)
The magic dart hits the orc warrior.
The orc warrior is moderately wounded.
Casting: Magic Dart (safe; 1% risk of failure)
Confirm with . or Enter, or press ? or * to list all spells.
Aiming: Searing Ray (safe; 3% risk of failure)
Press: ? - help, Shift-Dir - straight line, f/p - orc warrior
Aim: an orc warrior, wielding a +0 mace and wearing a +0 chain mail (moderately wounded, 77% to hit)
The searing ray misses the orc warrior. (Press . to maintain the ray.)
The searing ray misses the orc warrior.
The searing ray hits the orc!
You kill the orc!
The searing ray misses the orc warrior.
The searing ray misses the orc warrior.
You finish channeling your searing ray.
The orc warrior hits you with a +0 mace!
Casting: Searing Ray (safe; 3% risk of failure)
Confirm with . or Enter, or press ? or * to list all spells.
Aiming: Searing Ray (safe; 3% risk of failure)
Press: ? - help, Shift-Dir - straight line, f/p - orc warrior
Aim: an orc warrior, wielding a +0 mace and wearing a +0 chain mail (moderately wounded, 77% to hit)
The searing ray hits the orc warrior!
The orc warrior is heavily wounded.
The searing ray hits the centaur skeleton!
The centaur skeleton is moderately damaged. (Press . to maintain the ray.)
The orc warrior hits you with a +0 mace!
The searing ray hits the orc warrior!
The orc warrior is almost dead.
The searing ray hits the centaur skeleton!
The centaur skeleton is severely damaged.
The orc warrior hits you with a +0 mace!
* * * LOW HITPOINT WARNING * * *
The searing ray hits the orc warrior.
The orc warrior is almost dead.
The searing ray hits the centaur skeleton!
You destroy the centaur skeleton!
The orc warrior hits you with a +0 mace!
You die...

# ##### #. ...o..
#.####...oZ.
####.......o...
#......)# #.##.##.#
#.##)# # #.##o# .#
#.##.##@# #.# #
#.......# #.# ..
####.####### #.##.#
#.......# #.....
##.#.##.# ##.....
#.#.##.#######.....#
#.#..)..........##..
#.####.########.##.#
#.# #.# #.....


You could see an orc warrior.

Vanquished Creatures
  An ogre (D:2)
  A centaur skeleton (D:6)
  An iguana (D:3)
  An orc wizard (D:3)
  5 adders
  An adder zombie (D:3)
  4 orcs
  6 ball pythons
  10 endoplasms
  A giant cockroach (D:1)
  4 goblins
  2 hobgoblins
  2 jackals (D:2)
  A quokka (D:1)
  10 bats
  8 frilled lizards
  8 kobolds
  7 rats
73 creatures vanquished.

Vanquished Creatures (others)
  3 plants (D:2)
3 creatures vanquished.

Grand Total: 76 creatures vanquished

Notes
Turn   | Place    | Note
-------+----------+-------------------------------------------
     0 | D:1      | Nixze the Deep Elf Conjurer began the quest for the Orb.
     0 | D:1      | Reached XP level 1. HP: 10/10 MP: 6/6
   189 | D:1      | Found a faded altar of an unknown god.
   282 | D:1      | Reached XP level 2. HP: 15/15 MP: 5/8
   285 | D:1      | Learned a level 2 spell: Searing Ray
   367 | D:1      | Reached skill level 5 in Conjurations
  1188 | D:2      | Reached XP level 3. HP: 19/19 MP: 5/10
  1836 | D:2      | Reached skill level 5 in Spellcasting
  2064 | D:2      | Noticed an ogre
  2075 | D:2      | Killed an ogre
  2076 | D:2      | Reached skill level 1 in Fighting
  2076 | D:2      | Reached XP level 4. HP: 26/26 MP: 8/13
  2076 | D:2      | Reached XP level 5. HP: 30/30 MP: 8/14
  2861 | D:3      | Learned a level 2 spell: Ensorcelled Hibernation
  2866 | D:3      | Learned a level 4 spell: Fulminant Prism
  2871 | D:3      | Learned a level 4 spell: Iskenderun's Mystic Blast
  3572 | D:3      | Reached skill level 1 in Hexes
  3619 | D:3      | You fall into a shaft and drop 3 floors!
  3673 | D:6      | Noticed an orc warrior
  3689 | D:6      | Mangled by an orc warrior

Illustrated notes

Levels and vault maps discovered:
D:1:      onia_arrival_mini_spirals, layout_loops_ring,
          chequers_ecumenical_altar_island, minivault_26, minmay_statues_item,
          minmay_misc_feat_nine_boxes, serial_park_tiny_pond,
          serial_bayou_crossing
D:2:      layout_loops_corners, serial_bayou_pond_b, minmay_diced_spiral
D:3:      layout_loops_cross, cheibrodos_gnoll_hut
D:6:      layout_loops_cross, uniq_grinder, uniq_crazy_yiuf_cottage

Skill      XL: |  1  2  3  4  5 |
---------------+----------------+-----
Conjurations   | 5 |  5.1
Spellcasting   | 4 5 |  5.0
Fighting       | 1 3 |  3.0
Dodging        | 3 |  3.0
Stealth        | 3 |  3.0
Hexes          | 1 |  1.0

Action                   |  1- 3 |  4- 6 || total
-------------------------+-------+-------++-------
Melee: Dagger            |     3 |       ||     3
 Cast: Magic Dart        |    69 |    42 ||   111
       Searing Ray       |     1 |     6 ||     7
Armor: Leather armour    |     3 |       ||     3
Dodge: Dodged            |     3 |     4 ||     7
